 Dungeon Crawl Stone Soup version 0.31.0-11-ge490571c62 (webtiles) character file.

Game seed: 8113093278701231200

187 qw the Skirmisher (level 5, 0/29 HPs)
             Began as a Deep Elf Hunter on Feb 4, 2024.
             Slain by Natasha (5 damage)
             ... on level 3 of the Dungeon.
             The game lasted 00:00:09 (1839 turns).

qw the Skirmisher (Deep Elf Hunter)                 Turns: 1839, Time: 00:00:09

Health: 0/29       AC:  3    Str: 10    XL:     5   Next: 39%
Magic:  7/7        EV: 12    Int: 14    God:
Gold:   156        SH:  0    Dex: 18    Spells: 4/4 levels left

rFire   . . .        a - +0 shortbow
rCold   . . .        (shield currently unavailable)
rNeg    + + .        c - +0 leather armour
rPois   .            (no helmet)
rElec   .            (no cloak)
rCorr   .            (no gloves)
SInv    .            (no boots)
Will    .....        h - amulet of faith
Stlth   ++           e - ring of positive energy
HPRegen 0.24/turn    k - ring of positive energy
MPRegen 0.10/turn

%: faith
@: about to teleport, slowed, very slow
A: no striking features
a: no special abilities


You were on level 3 of the Dungeon.
You visited 1 branch of the dungeon, and saw 3 of its levels.

You collected 156 gold pieces.


   Skills:
 - Level 1.5 Fighting
 + Level 8.9 Ranged Weapons
 - Level 2.4 Dodging
 - Level 1.2 Stealth


You had 4 spell levels left.
You didn't know any spells.
Your spell library was empty.

Inventory:

Hand Weapons
 a - a +0 shortbow (weapon)
Armour
 c - a +0 leather armour (worn)
 i - a +0 ring mail
Jewellery
 e - a ring of positive energy (left hand)
 h - an amulet of faith (around neck)
 k - a ring of positive energy (right hand)
Scrolls
 d - a scroll of teleportation
 f - a scroll of identify
Potions
 b - a potion of lignification {unknown}
 g - 2 potions of curing

Dungeon Overview and Level Annotations

Branches:
Dungeon (3/15)

Altars:
The Shining One

Annotations:
D:3 Natasha


Message History

You shoot an arrow. The arrow hits the adder skeleton.
The adder skeleton is moderately damaged.
The withered plant crumbles away.
The adder zombie bites the withered plant.
The withered plant begins to crumble.
The adder skeleton bites you.
You shoot an arrow. The arrow hits the adder skeleton.
The adder skeleton is heavily damaged.
Natasha mumbles some strange words.
The adder skeleton bites you but does no damage.
You shoot an arrow. The arrow hits the adder skeleton.
The adder skeleton is almost destroyed.
The adder skeleton misses you.
The cerulean imp hits you from afar with a +2 spear.
You shoot an arrow. The arrow hits the adder skeleton.
You destroy the adder skeleton!
The cerulean imp hits you from afar with a +2 spear.
You shoot an arrow. The arrow closely misses Natasha.
The arrow hits the adder zombie!
The adder zombie is heavily damaged.
Natasha stares at you and mumbles some strange words.
You feel yourself slow down.
The cerulean imp hits you from afar with a +2 spear.
Enter note:
Enter note: You shoot an arrow.
The arrow hits Natasha but does no damage.
The withered plant crumbles away.
Natasha misses you. The cerulean imp misses you.
The adder zombie barely misses you. Natasha claws you.
You shoot an arrow. The arrow hits the adder zombie!
You destroy the adder zombie!
The cerulean imp closely misses you. Natasha claws you.
The cerulean imp hits you from afar with a +2 spear!
1839 ||| READING 2 scrolls of teleportation.
As you read the scroll of teleportation, it crumbles to dust.
You feel strangely unstable.
A quokka skeleton comes into view.
Natasha claws you.
You die...
Natasha begins licking her fur clean.

###..#.#### #.# # # ####
#....#....###># .####
#....####..>..# ......
#....#....##..# ......
###....#####.## ######
#...)#.......#
#.#....#....77777
#.#.#.#.....P.P.777
#.#<#.....7.@h..PP7
#.#.#<....77PP5P..P.
#.#.#......77777.... ###
#.#............7 ... #..
#.##.#.......#.#7 Z #.#
#.##.##....<....7 7####.#
#.##.###...#.#.#77 7......
#.##.####........777 77####.#
#..................777......#


You could see Natasha, a cerulean imp (summoned) and a quokka skeleton
(wandering).

Vanquished Creatures
  A crimson imp (D:3)
  A bombardier beetle (D:3)
  A hound skeleton (D:3)
  5 adders
  An adder skeleton (D:3)
  An adder zombie (D:3)
  A ribbon worm (D:2)
  An orc (D:3)
  4 bats
  3 endoplasms (D:1)
  4 goblins (D:1)
  A hobgoblin (D:1)
  7 jackals
  3 quokkas
  6 ball pythons
  A frilled lizard (D:2)
  A goblin skeleton (D:3)
  4 hobgoblin zombies (D:3)
  9 kobolds
  2 kobold skeletons (D:3)
  A kobold zombie (D:3)
  3 rats
61 creatures vanquished.

Notes
Turn   | Place    | Note
-------+----------+-------------------------------------------
     0 | D:1      | qw the Deep Elf Hunter began the quest for the Orb.
     0 | D:1      | Reached XP level 1. HP: 12/12 MP: 3/3
     0 | D:1      | 0 ||| qw: Version: 0.3-a-160-g6735b56
     0 | D:1      | 0 ||| qw: Game counter: 4785
     0 | D:1      | 0 ||| qw: Melee chars always use a shield: true
     0 | D:1      | 0 ||| qw: God list: Okawaru
     0 | D:1      | 0 ||| qw: Allow faded altars: false
     0 | D:1      | 0 ||| qw: Do Orc after clearing Dungeon:15 true
     0 | D:1      | 0 ||| qw: Do second Lair branch before Depths: true
     0 | D:1      | 0 ||| qw: Lair rune preference: random
     0 | D:1      | 0 ||| qw: Goals: Normal
     0 | D:1      | 0 ||| PLANNING D:1-11
   251 | D:1      | Reached XP level 2. HP: 13/16 MP: 4/4
   337 | D:1      | Reached skill level 6 in Ranged Weapons
   373 | D:1      | 373 ||| RETREEEEATING.
   838 | D:1      | Reached XP level 3. HP: 19/20 MP: 5/5
   887 | D:1      | 887 ||| UPGRADING to amulet of faith.
   892 | D:1      | 892 ||| READING 2 scrolls labelled INWAIT QILIK.
   895 | D:1      | 895 ||| READING 2 scrolls labelled TUENUPN JOZE.
   896 | D:1      | 896 ||| READING scroll labelled ACROCH BOCUE.
   896 | D:1      | 896 ||| IDENTIFYING grey potion
   897 | D:1      | 897 ||| DROPPING scroll of butterflies.
   898 | D:1      | 898 ||| DROPPING scroll of blinking.
  1081 | D:2      | Reached skill level 7 in Ranged Weapons
  1240 | D:2      | Reached XP level 4. HP: 21/25 MP: 6/6
  1452 | D:2      | 1452 ||| UPGRADING to ring of positive energy.
  1453 | D:2      | 1453 ||| UPGRADING to ring of positive energy.
  1454 | D:2      | 1454 ||| READING scroll of identify.
  1454 | D:2      | 1454 ||| IDENTIFYING glowing inky potion
  1455 | D:2      | 1455 ||| READING scroll labelled HIEN LUASTUE.
  1456 | D:2      | 1456 ||| READING scroll labelled QACROMERHO.
  1456 | D:2      | 1456 ||| ENCHANTING +0 shortbow.
  1457 | D:2      | 1457 ||| DRINKING 2 orange potions.
  1458 | D:2      | 1458 ||| DROPPING potion of degeneration.
  1459 | D:2      | 1459 ||| DROPPING potion of invisibility.
  1523 | D:3      | Found a faded altar of an unknown god.
  1555 | D:3      | Reached skill level 8 in Ranged Weapons
  1588 | D:3      | Found a glowing golden altar of the Shining One.
  1611 | D:3      | Reached XP level 5. HP: 26/29 MP: 7/7
  1611 | D:3      | 1611 ||| FLEEEEING.
  1613 | D:3      | 1613 ||| FLEEEEING.
  1815 | D:3      | Noticed Natasha
  1838 | D:3      | HP: 5/29 [cerulean imp/+2 spear[Natasha] (7)]
  1839 | D:3      | 1839 ||| READING 2 scrolls of teleportation.
  1839 | D:3      | Slain by Natasha

Levels and vault maps discovered:
D:1:      amcnicky_arrival_choice, layout_basic
D:2:      layout_rooms, serial_aquarium, aquarium_bridge_straight
          [aquarium_subvault_bridge, aquarium_subvault_window,
          aquarium_subvault_bridge, aquarium_subvault_wall],
          aquarium_bridge_square [aquarium_subvault_window,
          aquarium_subvault_wall, aquarium_subvault_wall,
          aquarium_subvault_bridge], aquarium_window_fake, aquarium_window_fake,
          aquarium_window_fake, aquarium_window_2, aquarium_view_2d,
          aquarium_view_2d
D:3:      layout_loops_ring, lemuel_round_altar, nicolae_tso_besieged_by_evil,
          ebering_ecumenical_altar_webs, dilly_guarded_unrand_morg,
          uniq_natasha, uniq_jessica

Skill      XL: |  1  2  3  4 |
---------------+-------------+-----
Ranged Weapons | 6 7 8 |  8.9
Fighting       | |  1.5
Dodging        | |  2.4
Stealth        | |  1.2

Action                     |  1- 3 |  4- 6 || total
---------------------------+-------+-------++-------
   Fire: Shortbow          |   153 |    85 ||   238
    Use: Scroll            |     3 |     4 ||     7
         Potion            |       |     1 ||     1
 Armour: Leather armour    |    47 |    21 ||    68
  Dodge: Dodged            |    62 |    31 ||    93

Table legend:
 A = Non-vault XP
 B = Vault XP
 C = Vault XP percentage of total XP
 D = Non-vault monster count
 E = Vault monster count
 F = Vault count percentage of total count
                 A         B        C        D         E       F
            +---------+---------+-------+---------+---------+-------
      Total |     186 |      82 |  30.6 |      49 |      12 |  19.7
            +---------+---------+-------+---------+---------+-------
        D:1 |      44 |       0 |   0.0 |      25 |       0 |   0.0
        D:2 |      64 |       0 |   0.0 |      15 |       0 |   0.0
        D:3 |      78 |      82 |  51.2 |       9 |      12 |  57.1
            +---------+---------+-------+---------+---------+-------
